 Dungeon Crawl Stone Soup version 0.27-a0-489-g24c7b1a3ef (webtiles) character file.

Game seed: 199304926917411609

3199 jasper the Spear-Bearer (level 9, 0/72 HPs)
             Began as a Mummy Delver on Mar 1, 2021.
             Slain by a killer bee (7 damage)
             ... on level 7 of the Dungeon.
             The game lasted 00:09:22 (9197 turns).

jasper the Spear-Bearer (Mummy Delver)              Turns: 9197, Time: 00:09:23

Health: 0/72       AC:  9    Str: 18    XL:     9   Next: 64%
Magic:  9/9        EV: 12    Int:  9    God:
Gold:   446        SH:  0    Dex: 14    Spells: 8/8 levels left

rFire    x . .     SeeInvis .   v - +4 halberd (freeze)
rCold    + . .     Faith    .   (shield currently unavailable)
rNeg     + + +     Spirit   .   s - +0 ring mail
rPois    ∞         Reflect  .   t - +0 helmet
rElec    .         Harm     .   (no cloak)
rCorr    .         Rampage  .   q - +0 pair of gloves
Will     +....                  h - +0 pair of boots
Stlth    ++........             (no amulet)
HPRegen  0.22/turn              (no ring)
MPRegen  0.11/turn              (no ring)

@: no status effects
A: cold resistance 1, negative energy resistance 3, torment resistance,
unbreathing, heat vulnerability 1, no potions
a: no special abilities


You were on level 7 of the Dungeon.
You visited 1 branch of the dungeon, and saw 7 of its levels.

You collected 446 gold pieces.

Inventory:

Hand Weapons
 a - a +0 falchion
 g - a +1 bardiche
 v - a +4 halberd of freezing (weapon)
Missiles
 i - a boomerang (quivered)
 j - 4 atropa-tipped darts
 m - 108 stones
Armour
 b - a +0 leather armour
 h - a +0 pair of boots (worn)
 q - a +0 pair of gloves (worn)
 r - a +0 plate armour
 s - a +0 ring mail (worn)
 t - a +0 helmet (worn)
 w - a +0 scale mail
Jewellery
 u - a ring of magical power
Wands
 f - a wand of digging (3)
Scrolls
 c - 3 scrolls of fog
 d - a scroll of magic mapping
 e - 4 scrolls of teleportation
 k - 3 scrolls of immolation
 l - 2 scrolls of blinking
 n - 4 scrolls of identify
 o - 2 scrolls of fear
 p - a scroll of amnesia
 x - a scroll of enchant weapon
 y - a scroll of random uselessness {unknown}


   Skills:
 + Level 7.4 Fighting
 - Level 1.5 Long Blades
 * Level 8.0 Polearms
 + Level 3.9 Armour
 - Level 4.0 Dodging
 - Level 4.3 Stealth


You had 8 spell levels left.
You didn't know any spells.
Your spell library contained the following spells:

 Spells                   Type           Power        Failure   Level
 Sting                    Tmut/Pois      0%           56%         1
 Poisonous Vapours        Pois/Air       0%           71%         2
 Ignite Poison            Fire/Tmut/Pois 0%           91%         3
 Mephitic Cloud           Conj/Pois/Air  0%           91%         3
 Olgreb's Toxic Radiance  Pois           0%           100%        4


Dungeon Overview and Level Annotations

Branches:
Dungeon (7/15)
 Temple: D:4-7

Altars:
Hepliaklqana
Wu Jian

Shops:
D:5 :

Annotations:
D:3 1 exclusion


Innate Abilities, Weirdness & Mutations

You are immune to poison.
Your flesh is cold resistant. (rC+)
You are immune to negative energy. (rN+++)
You are immune to unholy pain and torment.
You can survive without breathing.
You are vulnerable to heat. (rF-)
You do not drink.


Message History

The killer bee misses you.
You take 6 damage, and have 27/72 hp.
You hit the killer bee. You freeze the killer bee.
The killer bee is moderately wounded.
The killer bee stings you. x2
* * * LOW HITPOINT WARNING * * *
You take 8 damage, and have 19/72 hp.
You hit the killer bee but do no damage.
The killer bee is moderately wounded.
The killer bee stings you.
* * * LOW HITPOINT WARNING * * *
The killer bee stings you but does no damage.
You take 2 damage, and have 17/72 hp.
You puncture the killer bee! You freeze the killer bee.
The killer bee is severely wounded.
The killer bee barely misses you. The killer bee stings you.
* * * LOW HITPOINT WARNING * * *
You take 1 damage, and have 16/72 hp.
You can't drink.
Okay, then.
Throw: boomerang
Press: ? - help, Q - select action, (/) - cycle Shift-Dir - straight line, f/p - killer bee
Aim: a killer bee (severely wounded, 34% to hit)
You throw a boomerang.
The boomerang barely misses the killer bee.
The boomerang barely misses the killer bee.
The killer bee completely misses you.
The killer bee stings you but does no damage.
The killer bee barely misses you.
You closely miss the killer bee.
The killer bee is severely wounded.
The killer bee stings you!
* * * LOW HITPOINT WARNING * * *
The killer bee stings you.
* * * LOW HITPOINT WARNING * * *
You take 10 damage, and have 7/72 hp.
You puncture the killer bee! You freeze the killer bee.
You kill the killer bee!
The killer bee stings you!
You die...

### ####
..# .....
#.##.....
#####.#....
#.......# #
#y###.#
#@#...#
##...#
##...##
###....# .#
##.
#...##..#
..##..
##.### #..#
....###...#
#.#
#...##.#.##
.#
##..#.....#
..


You could see a killer bee.

Vanquished Creatures
  A hornet (D:7)
  5 yaks
  Menkaure (D:6)
  An ice beast (D:6)
  3 ogres
  3 centaurs
  A phantom (D:4)
  Blork the orc (D:6)
  3 bullfrogs (D:6)
  A scorpion (D:6)
  4 killer bees (D:7)
  8 wights
  A howler monkey (D:6)
  A jelly (D:4)
  A hound (D:7)
  3 orc priests (D:7)
  5 iguanas
  An orc wizard (D:5)
  7 worker ants
  A hound skeleton (D:5)
  A howler monkey zombie (D:5)
  2 gnolls
  10 adders
  2 ufetubi
  An ooze (D:6)
  An adder skeleton (D:4)
  2 worms
  2 dart slugs (D:1)
  7 leopard geckos
  5 orcs
  16 bats
  6 giant cockroaches
  6 goblins
  6 hobgoblins
  5 jackals
  4 quokkas
  A ball python (D:4)
  7 frilled lizards
  6 kobolds
  A leopard gecko skeleton (D:4)
  A leopard gecko zombie (D:7)
  12 rats
156 creatures vanquished.

Notes
Turn   | Place    | Note
-------+----------+-------------------------------------------
     0 | D:5      | jasper the Mummy Delver began the quest for the Orb.
     0 | D:5      | Reached XP level 1. HP: 18/18 MP: 1/1
    29 | D:5      | Noticed an iguana
   144 | D:5      | Reached XP level 2. HP: 23/24 MP: 2/2
   242 | D:4      | Reached skill level 1 in Polearms
   630 | D:3      | Reached XP level 3. HP: 12/29 MP: 3/3
  1721 | D:1      | Reached XP level 4. HP: 35/35 MP: 4/4
  1779 | D:1      | Reached skill level 2 in Polearms
  4012 | D:3      | Reached XP level 5. HP: 42/42 MP: 5/5
  4785 | D:4      | Reached skill level 3 in Polearms
  4870 | D:4      | Reached XP level 6. HP: 48/48 MP: 6/6
  5239 | D:5      | Found Tavupp's Book Shop.
  5885 | D:5      | Reached skill level 4 in Polearms
  6074 | D:4      | Reached XP level 7. HP: 45/55 MP: 7/7
  6542 | D:4      | Reached skill level 5 in Fighting
  6929 | D:6      | Reached skill level 5 in Polearms
  7159 | D:6      | Reached XP level 8. HP: 61/63 MP: 8/8
  7160 | D:6      | Found an ornate altar of the Wu Jian Council.
  7167 | D:6      | Noticed a spectral centipede
  7167 | D:6      | Noticed a spectral black mamba
  7448 | D:6      | Reached skill level 1 in Armour
  7909 | D:6      | Reached skill level 6 in Polearms
  8134 | D:6      | Noticed Menkaure
  8142 | D:6      | Killed Menkaure
  8185 | D:6      | Noticed Blork the orc
  8192 | D:6      | Killed Blork the orc
  8636 | D:7      | Reached XP level 9. HP: 71/71 MP: 9/9
  8645 | D:6      | Reached skill level 7 in Polearms
  9000 | D:7      | Found a hazy altar of Hepliaklqana.
  9187 | D:7      | Reached skill level 8 in Polearms
  9197 | D:7      | Slain by a killer bee

Illustrated notes

Levels and vault maps discovered:
D:1:      matt_arrival_diagonals, layout_loops_ring
D:2:      layout_basic, serial_glass, glass_columns_a, glass_columns_a
D:3:      layout_loops_corners
D:4:      layout_rooms, kennysheep_cross_room, nzn_random_ring
D:5:      layout_basic, serial_shops, shop
D:6:      cheibrodos_quashed, layout_loops_ring,
          pdpol_wu_jian_five_deadly_venoms, uniq_menkaure, uniq_blork_the_orc
D:7:      layout_rooms, temple_statues, nzn_ghost_randoct, basic_altar

Skill      XL: |  1  2  3  4  5  6  7  8  9 |
---------------+----------------------------+-----
Polearms       | 1 2 3 4 5 6 8 |  8.0
Dodging        | 2 3 4 |  4.0
Fighting       | 4 5 6 7 |  7.4
Armour         | 2 3 |  3.9
Long Blades    | |  1.5
Stealth        | |  4.3

Action                   |  1- 3 |  4- 6 |  7- 9 || total
-------------------------+-------+-------+-------++-------
Melee: Bardiche          |   137 |   188 |    78 ||   403
       Halberd           |       |       |   148 ||   148
Throw: Boomerang         |    17 |    35 |    29 ||    81
  Use: Scroll            |     1 |     7 |       ||     8
 Stab: Sleeping          |    10 |    14 |     5 ||    29
Armor: Leather armour    |    65 |    39 |       ||   104
       Ring mail         |       |    43 |    83 ||   126
Dodge: Dodged            |   167 |   142 |   139 ||   448

Table legend: (Time is in decaauts)
 A = Elapsed time spent in this place.
 B = Non-inter-level travel time spent in this place.
 C = Inter-level travel time spent in this place.
 D = Time resting spent in this place.
 E = Time spent auto-exploring this place.
 F = Levels seen in this place.
 G = Mean time per level.
                   A        B        C        D        E       F      G
               +--------+--------+--------+--------+--------+-----+--------+
         Total |   9604 |   9266 |    338 |   2159 |   5395 |   7 | 1372.0 |
       Dungeon |   9604 |   9266 |    338 |   2159 |   5395 |   7 | 1372.0 |
               +--------+--------+--------+--------+--------+-----+--------+

Top non-repeatable levels by time:
     D:5: 1784 daAuts
     D:4: 1701 daAuts
     D:2: 1542 daAuts
     D:6: 1453 daAuts
     D:1: 1332 daAuts
     D:3: 1263 daAuts
     D:7: 527 daAuts
